 Dungeon Crawl Stone Soup version 0.30.1-10-g1249ef9ec4 (webtiles) character file.

Game seed: 14654451998606304872

1021 safid the Chiller (level 8, -10/64 HPs)
             Began as a Merfolk Ice Elementalist on Oct 26, 2023.
             Mangled by an ogre
             ... wielding a +0 giant spiked club
              (19 damage)
             ... on level 5 of the Dungeon.
             The game lasted 00:08:19 (5276 turns).

safid the Chiller (Merfolk Ice Elementalist)        Turns: 5276, Time: 00:08:20

Health: -10/64     AC:  5    Str:  9    XL:     8   Next: 22%
Magic:  12/15      EV: 12    Int: 11    God:
Gold:   175        SH:  0    Dex: 14    Spells: 8/17 levels left

rFire   + . .        d - +0 long sword
rCold   . . .        (no shield)
rNeg    . . .        a - +0 robe
rPois   +            s - +0 helmet
rElec   .            q - +1 cloak
rCorr   +            (no gloves)
SInv    .            (no boots)
Will    ++...        t - amulet of magic regeneration
Stlth   ++           j - ring of resist corrosion
HPRegen 0.30/turn    g - ring "Juzxaas" {rPois rF+ Will++ Int-5}
MPRegen 0.54/turn

%: no passive effects
@: no status effects
A: (nimble swimmer 2), mertail
a: no special abilities


You were on level 5 of the Dungeon.
You visited 1 branch of the dungeon, and saw 6 of its levels.

You collected 301 gold pieces.
You spent 126 gold pieces at shops.

Inventory:

Hand Weapons
 d - a +0 long sword (weapon)
Armour
 a - a +0 robe (worn)
 q - a +1 cloak (worn)
 s - a +0 helmet (worn)
Jewellery
 g - the ring "Juzxaas" (right hand) {rPois rF+ Will++ Int-5}
   (You found it on level 2 of the Dungeon)

   [ring of poison resistance]

   Int:       It affects your intelligence (-5).
   rF:        It protects you from fire.
   rPois:     It protects you from poison.
   Will:      It greatly increases your willpower.
 j - a ring of resist corrosion (left hand)
 t - an amulet of magic regeneration (around neck)
Wands
 v - a wand of quicksilver (14)
Scrolls
 h - 2 scrolls of fog
 i - a scroll of brand weapon
 n - 2 scrolls of enchant armour
 r - a scroll of butterflies
 u - a scroll of amnesia
 w - a scroll of blinking
Potions
 b - a potion of magic
 f - 3 potions of mutation
 k - 2 potions of brilliance
 l - a potion of cancellation
 m - a potion of curing {unknown}
 o - a potion of flight


   Skills:
 + Level 5.7 Fighting
 - Level 2.6 Dodging
 - Level 2.1 Stealth
 + Level 5.2 Spellcasting
 + Level 7.3 Ice Magic


You had 8 spell levels left.
You knew the following spells:

 Your Spells              Type           Power      Damage    Failure   Level
a - Freeze                Ice            76%        1d8       1%          1
b - Frozen Ramparts       Ice            38%        1d6       3%          3
c - Ozocubu's Armour      Ice            19%        N/A       3%          3
d - Blink                 Tloc           4%         N/A       32%         2

Your spell library contained the following spells:

 Spells                   Type           Power      Damage    Failure   Level
 Kiss of Death            Conj/Necr      8%         2d6       22%         1
 Magic Dart               Conj           8%         1d3       22%         1
 Sandblast                Erth           4%         2d4       22%         1
 Call Imp                 Summ           4%         N/A       32%         2
 Lesser Beckoning         Tloc           4%         N/A       32%         2
 Momentum Strike          Conj/Tloc      4%         3d8       32%         2
 Passwall                 Tmut/Erth      1%         N/A       32%         2
 Summon Ice Beast         Ice/Summ       10%        N/A       43%         4
 Confusing Touch          Hex            2%         N/A       54%         3
 Mephitic Cloud           Conj/Pois/Air  2%         N/A       54%         3
 Stone Arrow              Conj/Erth      4%         3d7       54%         3
 Dispel Undead            Necr           2%         3d7       91%         4


Dungeon Overview and Level Annotations

Branches:
Dungeon (6/15)
 Temple: D:4-7

Altars:
Kikubaaqudgha
Makhleb

Shops:
D:1 [   D:3 [

Annotations:
D:5 2 transporters, kaesle's ghost, novice HOFi


Innate Abilities, Weirdness & Mutations

((You are very nimble when in or above water. (Stealth+, EV+, Speed+++)))
Your lower body shifts to a powerful aquatic tail in water.


Message History

Aim: an ogre, wielding a +0 giant spiked club (lightly wounded)
You freeze the ogre.
The ogre is moderately wounded.
The ogre closely misses you.
Unknown command.
Casting: Freeze (safe; 1% risk of failure)
Confirm with . or Enter, or press ? or * to list all spells.
Aiming: Freeze (safe; 1% risk of failure)
Press: ? - help, Shift-Dir - straight line, f/p - ogre
Aim: an ogre, wielding a +0 giant spiked club (lightly wounded)
You freeze the ogre.
The ogre is moderately wounded.
The ogre hits you with a +0 giant spiked club!!
* * * LOW HITPOINT WARNING * * *
Casting: Freeze (safe; 1% risk of failure)
Confirm with . or Enter, or press ? or * to list all spells.
Aiming: Freeze (safe; 1% risk of failure)
Press: ? - help, Shift-Dir - straight line, f/p - ogre
Aim: an ogre, wielding a +0 giant spiked club (moderately wounded)
You freeze the ogre.
The ogre is heavily wounded.
Unknown command.
Casting: Freeze (safe; 1% risk of failure)
Confirm with . or Enter, or press ? or * to list all spells.
Aiming: Freeze (safe; 1% risk of failure)
Press: ? - help, Shift-Dir - straight line, f/p - ogre
Aim: an ogre, wielding a +0 giant spiked club (heavily wounded)
You freeze the ogre.
The ogre is severely wounded.
The ogre barely misses you.
Unknown command.
Casting: Freeze (safe; 1% risk of failure)
Confirm with . or Enter, or press ? or * to list all spells.
Aiming: Freeze (safe; 1% risk of failure)
Press: ? - help, Shift-Dir - straight line, f/p - ogre
Aim: an ogre, wielding a +0 giant spiked club (severely wounded)
You freeze the ogre.
The ogre is almost dead.
The ogre hits you with a +0 giant spiked club!!
You die...

#...# #.................#
#...##
##.#######.#.#####.#
#....###..# #...# #.#
#.........# #.### #.#
#>.)......# #.# ##.#
###.##.#### #.# #.#.
#.##.##########.# ##<#
#.#.....>O......## #...
#.......@........#####..#
###..########...........#
#..# ##.).######.#
####..##########.## #.#
#.................# #.#
##.##..............# #.#
#####...#..##########..###
#.# #....<.....#
######....####.#
#.###......#
#..............#


You could see an ogre.

Vanquished Creatures
  Grinder (D:3)
  Sigmund (D:2)
  A black bear (D:4)
  2 centaurs
  2 scorpions
  A howler monkey (D:4)
  A hound (D:4)
  2 orc priests (D:3)
  A sleepcap (D:5)
  4 adders
  An ufetubus (D:4)
  4 worms
  4 dart slugs
  15 orcs
  8 endoplasms
  4 giant cockroaches
  2 goblins
  9 hobgoblins
  7 jackals
  4 quokkas
  7 ball pythons
  8 bats
  6 frilled lizards
  2 kobolds
  8 rats
105 creatures vanquished.

Notes
Turn   | Place    | Note
-------+----------+-------------------------------------------
     0 | D:1      | safid the Merfolk Ice Elementalist began the quest for the
                  | Orb.
     0 | D:1      | Reached XP level 1. HP: 13/13 MP: 3/3
   115 | D:1      | Reached XP level 2. HP: 9/20 MP: 0/5
   221 | D:1      | Reached skill level 1 in Fighting
   796 | D:1      | Found Saob's Antique Armour Emporium.
   869 | D:1      | Reached XP level 3. HP: 22/26 MP: 6/6
  1252 | D:2      | Noticed Sigmund
  1315 | D:1      | Learned a level 3 spell: Frozen Ramparts
  1545 | D:2      | Identified the ring "Juzxaas" {rPois rF+ Will++ Int-5}
  1575 | D:2      | Reached skill level 5 in Ice Magic
  1575 | D:2      | Reached XP level 4. HP: 33/33 MP: 8/8
  1579 | D:2      | Learned a level 3 spell: Ozocubu's Armour
  1664 | D:2      | Killed Sigmund
  1665 | D:2      | Reached XP level 5. HP: 27/41 MP: 0/10
  1765 | D:2      | Reached XP level 6. HP: 47/47 MP: 11/11
  2010 | D:3      | Found Funor's Armour Shoppe.
  2147 | D:3      | Bought a +1 cloak for 126 gold pieces
  2611 | D:3      | Noticed Grinder
  2812 | D:3      | Reached skill level 6 in Ice Magic
  2961 | D:3      | Killed Grinder
  2962 | D:3      | Reached XP level 7. HP: 13/55 MP: 9/13
  3396 | D:4      | Found a burning altar of Makhleb.
  4089 | D:4      | Reached skill level 5 in Fighting
  4156 | D:4      | Learned a level 2 spell: Blink
  4256 | D:4      | Reached skill level 7 in Ice Magic
  4370 | D:5      | Entered Level 5 of the Dungeon
  4409 | D:5      | Found an ancient bone altar of Kikubaaqudgha.
  4442 | D:5      | Reached XP level 8. HP: 62/62 MP: 12/15
  4596 | D:5      | Reached skill level 5 in Spellcasting
  4827 | D:5      | Found a transporter.
  4849 | D:5      | Found a transporter.
  5176 | D:5      | Noticed kaesle's ghost (novice HOFi)
  5276 | D:5      | Mangled by an ogre

Illustrated notes

Levels and vault maps discovered:
D:1:      dpeg_arrival_houses_and_road, layout_loops_ring, serial_shops,
          nicolae_shop_crystal, minivault_19
D:2:      layout_rooms, serial_glass, glass_columns_a, glass_columns_a,
          glass_columns_b, glass_columns_a, glass_columns_a, glass_columns_b,
          glass_columns_c, glass_columns_a, uniq_sigmund
D:3:      layout_loops_ring, serial_shops, nicolae_square_shop, uniq_grinder
D:4:      layout_cave_pools, lemuel_crystal_altar
D:5:      layout_loops_ring, mainiacjoe_overflow_six_doors_small,
          gammafunk_ghost_mausoleum
D:6:      layout_basic, ebering_ghost_disaster_area,
          hangedman_abyss_or_decor_slice, minmay_unpleasant_kobolds

Skill      XL: |  1  2  3  4  5  6  7  8 |
---------------+-------------------------+-----
Fighting       | 1 2 3 4 5 |  5.7
Ice Magic      | 5 6 7 |  7.3
Spellcasting   | 3 4 5 |  5.2
Dodging        | |  2.6
Stealth        | |  2.1

Action                     |  1- 3 |  4- 6 |  7- 9 || total
---------------------------+-------+-------+-------++-------
  Melee: Dagger            |   168 |   116 |       ||   284
         Punch             |     2 |     1 |     2 ||     5
         Long sword        |       |    14 |   137 ||   151
   Cast: Freeze            |    21 |    17 |    10 ||    48
         Frozen Ramparts   |       |     7 |     7 ||    14
         Ozocubu's Armour  |       |     4 |     5 ||     9
    Use: Potion            |     1 |     1 |       ||     2
         Scroll            |       |     4 |    10 ||    14
   Stab: Sleeping          |     5 |     5 |     4 ||    14
 Armour: Robe              |    36 |    53 |    67 ||   156
  Dodge: Dodged            |   129 |    97 |   130 ||   356
